 Dungeon Crawl Stone Soup version 0.28-a0-10-g964c8b829e (webtiles) character file.

Game seed: 10943358873311428961

62 ezpacito the Skirmisher (level 3, -2/29 HPs)
             Began as a Demonspawn Abyssal Knight on July 25, 2021.
             Was a Believer of Lugonu.
             Slain by Natasha (5 damage)
             ... on level 2 of the Dungeon.
             The game lasted 00:01:20 (1607 turns).

ezpacito the Skirmisher (Demonspawn Abyssal Knight) Turns: 1607, Time: 00:01:21

Health: -2/29      AC:  3    Str: 11 (12) XL:     3   Next: 85%
Magic:  5/5        EV: 11    Int: 11 (13) God:    Lugonu [**....]
Gold:   48         SH:  0    Dex: 10 (13) Spells: 3/3 levels left

rFire   . . .      SeeInvis .   a - +1 hand axe
rCold   . . .      Faith    .   (no shield)
rNeg    . . .      Spirit   .   b - +0 leather armour
rPois   .          Reflect  .   (no helmet)
rElec   .          Harm     .   (no cloak)
rCorr   .          Rampage  .   (no gloves)
Will    .....                   (no boots)
Stlth   +.........              (no amulet)
HPRegen 0.09/turn               (no ring)
MPRegen 0.09/turn               (no ring)

@: brilliant, slowed, very slow
A: ignite blood 1
a: Renounce Religion, Depart the Abyss, Bend Space


You were on level 2 of the Dungeon.
You worshipped Lugonu.
Lugonu was pleased with you.
You visited 1 branch of the dungeon, and saw 2 of its levels.
You visited the Abyss 1 time.

You collected 48 gold pieces.

Inventory:

Hand Weapons
 a - a +1 hand axe (weapon)
Missiles
 e - 119 stones
Armour
 b - a +0 leather armour (worn)
Scrolls
 d - a scroll of blinking {unknown}
 f - a scroll of acquirement {unknown}
 g - a scroll of amnesia {unknown}
 i - a scroll of silence {unknown}
Potions
 c - a potion of degeneration


   Skills:
 + Level 3.1 Fighting
 * Level 2.7 Axes
 + Level 2.2 Armour
 + Level 1.4 Dodging
 + Level 0.9 Spellcasting
 + Level 2.8 Invocations


You had 3 spell levels left.
You didn't know any spells.
Your spell library contained the following spells:

 Spells                   Type           Power      Damage    Failure   Level
 Sublimation of Blood     Necr           0%         N/A       54%         2
 Wereblood                Tmut           0%         N/A       54%         2
 Summon Hydra             Summ           0%         N/A       100%        7


Dungeon Overview and Level Annotations

Branches:
Dungeon (2/15)

Altars:

Annotations:
D:2 Natasha


Innate Abilities, Weirdness & Mutations

Your demonic aura sometimes causes spilled blood to erupt in flames.


Message History

You kill the adder!
Lugonu accepts your kill.
Found a stone staircase leading down.
Natasha, Servant of Life and Death comes into view.
Natasha hisses angrily.
Natasha casts a spell at you. The magic dart hits you.
Natasha is nearby!
Natasha claws you.
You closely miss Natasha. Natasha claws you.
You closely miss Natasha. Natasha claws you.
You closely miss Natasha. Natasha misses you.
You closely miss Natasha. Natasha claws you.
You hit Natasha.
Natasha is moderately wounded.
Natasha claws you but does no damage. Natasha claws you.
It was a potion of degeneration.
There was something very wrong with that liquid.
You feel weakened.
You feel dopey.
You feel clumsy.
Natasha casts a spell.
Unknown command.
It was a potion of brilliance.
You feel clever all of a sudden.
Natasha stares at you and mumbles some strange words.
You feel yourself slow down.
You barely miss Natasha.
Natasha is moderately wounded.
The white imp gestures at you. The puff of frost hits you.
* * * LOW HITPOINT WARNING * * *
Natasha claws you but does no damage.
Your leather armour prevents you from hitting Natasha.
Natasha is moderately wounded.
Natasha casts a spell at you. You resist with significant effort.
The white imp hits you.
* * * LOW HITPOINT WARNING * * *
The white imp freezes you.
* * * LOW HITPOINT WARNING * * *
Natasha claws you.
You die...

###### ######
......####....## ####
...............# #...#
...............# #...#
...............#####...#
..............#........#
...........####........#
.......@...####........#
.#...>h5...............+
#.....................#
#......##..........##.#
....................##+#
......... ..........#...
......... ..............
#......### .............
...........#


You could see Natasha and a white imp (summoned).

Vanquished Creatures
  2 adders (D:2)
  2 dart slugs (D:1)
  7 ball pythons
  4 endoplasms (D:1)
  3 giant cockroaches
  2 goblins (D:1)
  2 hobgoblins (D:1)
  3 jackals (D:1)
  4 bats
  A frilled lizard (D:1)
  5 kobolds
  5 rats
40 creatures vanquished.

Notes
Turn   | Place    | Note
-------+----------+-------------------------------------------
     0 | Abyss:1  | ezpacito the Demonspawn Abyssal Knight began the quest for
                  | the Orb.
     0 | Abyss:1  | Reached XP level 1. HP: 18/18 MP: 2/2
    80 | Abyss:1  | Noticed a raiju
    81 | D:1      | Escaped the Abyss
   105 | D:1      | Found a faded altar of an unknown god.
   109 | D:1      | Reached skill level 1 in Dodging
   230 | D:1      | Gained mutation: Your demonic aura sometimes causes spilled
                  | blood to erupt in flames. [demonic ancestry]
   230 | D:1      | Reached XP level 2. HP: 22/24 MP: 3/3
   253 | D:1      | Reached * piety under Lugonu
   774 | D:1      | Reached XP level 3. HP: 25/29 MP: 5/5
  1403 | D:2      | Reached ** piety under Lugonu
  1595 | D:2      | Noticed Natasha
  1607 | D:2      | Slain by Natasha

Illustrated notes

Levels and vault maps discovered:
D:1:      dpeg_arrival_rhombus, layout_loops_cross, basic_ecumenical_altar
D:2:      layout_basic, uniq_natasha

Skill      XL: |  1  2 |
---------------+-------+-----
Dodging        | 1 |  1.4
Axes           | 2 |  2.7
Armour         | 2 |  2.2
Fighting       | |  3.1
Spellcasting   | |  0.9
Invocations    | |  2.8

Action                   || total
-------------------------++-------
Melee: Hand axe          ||   118
Invok: Depart the Abyss  ||     1
  Use: Potion            ||     2
 Stab: Sleeping          ||     1
Armor: Leather armour    ||    44
Dodge: Dodged            ||    73

Table legend: (Time is in decaauts)
 A = Elapsed time spent in this place.
 B = Non-inter-level travel time spent in this place.
 C = Inter-level travel time spent in this place.
 D = Time resting spent in this place.
 E = Time spent auto-exploring this place.
 F = Levels seen in this place.
 G = Mean time per level.
                   A        B        C        D        E       F      G
               +--------+--------+--------+--------+--------+-----+--------+
         Total |   1628 |   1596 |     32 |      0 |   1334 |   3 |  542.7 |
       Dungeon |   1547 |   1515 |     32 |      0 |   1254 |   2 |  773.5 |
         Abyss |     81 |     81 |      0 |      0 |     80 |   1 |   81.0 |
               +--------+--------+--------+--------+--------+-----+--------+

Top non-repeatable levels by time:
     D:1: 996 daAuts
     D:2: 551 daAuts
 Abyss:1: 81 daAuts
